 Dungeon Crawl Stone Soup version 0.20-a0-1015-g2ec8a95 (console) character file.

3011 vuev the Cleaver (level 9, -7/57 HPs)
             Began as a Gargoyle Monk on Apr 15, 2017.
             Was a Priest of Qazlal.
             Mangled by an ogre
             ... wielding a +0 giant spiked club
              (20 damage)
             ... on level 8 of the Dungeon.
             The game lasted 00:21:45 (8072 turns).

vuev the Cleaver (Gargoyle Monk)                    Turns: 8072, Time: 00:21:46

Health: -7/57      AC: 22    Str: 18    XL:     9   Next: 84%
Magic:  9/9        EV:  6    Int: 14    God:    Qazlal [***...]
Gold:   293        SH:  4    Dex: 12    Spells: 8/8 levels left

rFire    . . .     SeeInvis .   G - +3 war axe
rCold    . . .     Gourm    .   (no shield)
rNeg     + + .     Faith    .   t - +0 plate armour
rPois    ∞         Spirit   .   j - -1 helmet "Hiqe" {rN+ rCorr Int+3}
rElec    +         Reflect  .   h - +0 cloak
rCorr    +         Harm     .   y - +2 pair of gloves
MR       .....                  (no boots)
Stlth    ..........             (no amulet)
Regen    0.2/turn               E - ring of stealth
MPRegen  0.2/turn               (no ring)

@: no status effects
A: negative energy resistance 1, electricity resistance, unbreathing,
petrification resistance, rot immunity, AC +5
a: Upheaval, Elemental Force, Renounce Religion


You were on level 8 of the Dungeon.
You worshipped Qazlal.
Qazlal was most pleased with you.
You were not hungry.

You visited 1 branch of the dungeon, and saw 8 of its levels.

You collected 293 gold pieces.

Inventory:

Hand Weapons
 d - a +0 club
 l - a +0 hand axe
 A - a +0 hand axe
 G - a +3 war axe (weapon)
Armour
 h - a +0 cloak (worn)
 j - the -1 helmet "Hiqe" (worn) {rN+ rCorr Int+3}
   (You found it on level 5 of the Dungeon)

   It affects your intelligence (+3).
   It protects you from negative energy.
   It protects you from acid and corrosion.
 t - a +0 plate armour (worn)
 y - a +2 pair of gloves (worn)
Jewellery
 E - a ring of stealth (left hand)
 L - an uncursed ring of wizardry {unknown}
 M - an uncursed ring of poison resistance {unknown}
Wands
 n - a wand of random effects (9/48)
 w - a wand of polymorph (12/24)
Scrolls
 a - 2 scrolls of identify
 g - 3 scrolls of enchant armour {unknown}
 i - 3 scrolls of enchant weapon {unknown}
 o - a scroll of immolation {unknown}
 q - a scroll of noise {unknown}
 s - a scroll of fear {unknown}
 x - 2 scrolls of random uselessness {unknown}
 B - a scroll of blinking {unknown}
 H - 2 scrolls of fog {unknown}
 I - a scroll of amnesia {unknown}
 K - 3 scrolls of teleportation
Potions
 f - 2 potions of lignification
 k - 2 potions of resistance
 m - a potion of magic {unknown}
 p - 2 potions of flight
 z - 5 potions of curing
 C - a potion of haste
 D - a potion of agility {unknown}
 F - 2 potions of heal wounds
 J - a potion of mutation {unknown}
Books
 e - a book of Changes

   Spells                             Type                      Level
   a - Beastly Appendage              Transmutation                1
   b - Sticks to Snakes               Transmutation                2
   c - Spider Form                    Transmutation/Poison         3
   d - Ice Form                       Ice/Transmutation            4
   e - Blade Hands                    Transmutation                5
Comestibles
 b - 5 bread rations
 c - 3 meat rations
 r - a fruit
 u - a chunk of flesh
 v - 3 royal jellies


   Skills:
 + Level 7.3 Fighting
 * Level 10.2 Axes
 + Level 4.9 Armour
 - Level 3.2 Dodging
 - Level 4.3 Stealth
 + Level 0.2 Invocations


You had 8 spell levels left.
You didn't know any spells.

Dungeon Overview and Level Annotations

Branches:
Dungeon (8/15)             Temple (0/1) D:4
   Lair: D:8-11

Altars:
Ashenzari
Cheibriados
Dithmenos
Hepliaklqana
Makhleb
Okawaru
Qazlal
Ru
Sif Muna
Trog
Yredelemnul
Zin


Innate Abilities, Weirdness & Mutations

You are resistant to torment.
Your stone body is resilient. (AC +5)
You are immune to poison.
You resist negative energy. (rN+)
You are resistant to electric shocks. (rElec)
You can survive without breathing.
You are immune to petrification.
You are immune to rotting.


Message History

Evoking this partially-identified wand wasted a few charges.
Evoke which item? (* to show all) (? for menu, Esc to quit)
Aiming: Random Effects (will waste charges)
Press: ? - help, Shift-Dir - straight line, f/p - ogre
Aim: an ogre, wielding a giant spiked club (lightly wounded, fast)
The fireball explodes!
The fireball engulfs the ogre.
The ogre is heavily wounded.
Evoking this partially-identified wand wasted a few charges.
Evoke which item? (* to show all) (? for menu, Esc to quit)
Aiming: Random Effects (will waste charges)
Press: ? - help, Shift-Dir - straight line, f/p - ogre
Aim: an ogre, wielding a giant spiked club (heavily wounded, fast)
The ogre resists with some effort.
Evoking this partially-identified wand wasted a few charges.
There is a stone staircase leading up here.
You slash the ogre!
The ogre is severely wounded.
The ogre barely misses you.
The ogre hits you with a giant spiked club!!
You die...

# #.# #.# #.# # ##.## #.#
#.# ###...######### #.#
#.########
##..#.........# #†#
#.........
##....#######)###.#
#########. ##.#.##
##.((##.####### #.
##.#.######.###)........#
#. ............#
#.O.#####.# #.
####.######.###.@#### #.#
#. #.#
##...§....###.########.
#.#
#####.##.##...........
#.# #.##.....#########
#.# #<######.# #.# #.#
#.# ..# #.######.# ###
#........# ##########


You could see an ogre.

Vanquished Creatures
  A hippogriff (D:8)
  A hungry ghost (D:7)
  Menkaure (D:5)
  Edmund (D:6)
  An ice beast (D:7)
  3 sky beasts
  2 phantoms
  A centaur (D:7)
  4 ogres
  Blork the orc (D:6)
  A big kobold (D:8)
  2 bullfrogs
  2 scorpions
  4 wights (D:6)
  3 killer bees (D:7)
  5 crimson imps
  A jelly (D:5)
  2 orc priests (D:4)
  Crazy Yiuf (D:4)
  2 bullfrog skeletons (D:4)
  3 iguanas
  2 orc wizards (D:3)
  3 worker ants (D:8)
  4 gnolls (D:4)
  10 adders
  A shadow imp (D:8)
  An ooze (D:2)
  2 adder skeletons
  5 worms
  3 dart slugs
  8 leopard geckos
  16 orcs
  4 giant cockroaches
  6 goblins
  8 hobgoblins
  15 jackals
  4 quokkas
  A ball python (D:1)
  12 bats
  7 frilled lizards
  9 kobolds
  A leopard gecko skeleton (D:7)
  6 rats
170 creatures vanquished.

Notes
Turn   | Place    | Note
-------+----------+-------------------------------------------
     0 | D:1      | vuev the Gargoyle Monk began the quest for the Orb.
     0 | D:1      | Reached XP level 1. HP: 16/16 MP: 1/1
   454 | D:1      | Reached XP level 2. HP: 20/20 MP: 2/2
   466 | D:1      | Reached skill level 5 in Fighting
   773 | D:1      | Reached XP level 3. HP: 16/26 MP: 3/3
  1382 | D:2      | Found a shattered altar of Ashenzari.
  1800 | D:2      | Reached skill level 1 in Armour
  1800 | D:2      | Reached XP level 4. HP: 20/32 MP: 4/4
  2811 | D:3      | Found a bloodstained altar of Trog.
  2872 | D:3      | Found a stormy altar of Qazlal.
  2872 | D:3      | Found a sacrificial altar of Ru.
  2911 | D:3      | Found a hazy altar of Hepliaklqana.
  2931 | D:3      | Reached skill level 1 in Axes
  2931 | D:3      | Reached XP level 5. HP: 36/36 MP: 5/5
  2970 | D:3      | Became a worshipper of Qazlal Stormbringer
  2970 | D:3      | Reached * piety under Qazlal
  2970 | D:3      | Reached ** piety under Qazlal
  3303 | D:3      | Reached skill level 2 in Axes
  3593 | D:4      | Reached XP level 6. HP: 21/41 MP: 6/6
  3805 | D:4      | Reached skill level 3 in Axes
  3866 | D:4      | Found a staircase to the Ecumenical Temple.
  4009 | D:4      | Found a runed door.
  4099 | D:4      | Noticed Crazy Yiuf
  4125 | D:4      | Noticed a phantom
  4215 | D:4      | Reached skill level 4 in Axes
  4650 | D:4      | Killed Crazy Yiuf
  4650 | D:4      | Reached XP level 7. HP: 43/47 MP: 7/7
  5075 | D:5      | Entered Level 5 of the Dungeon
  5142 | D:5      | Found an iron altar of Okawaru.
  5217 | D:5      | Found a deep blue altar of Sif Muna.
  5225 | D:5      | Noticed Menkaure
  5236 | D:5      | Killed Menkaure
  5236 | D:5      | Reached skill level 5 in Axes
  5435 | D:5      | Found an iron altar of Okawaru.
  5445 | D:5      | Got a spiked helmet
  5456 | D:5      | Identified the cursed -1 helmet "Hiqe" {rN+ rCorr Int+3} (You found it on level 5 of the Dungeon)
  5490 | D:5      | Reached *** piety under Qazlal
  5662 | D:6      | Reached XP level 8. HP: 32/52 MP: 8/8
  5855 | D:6      | Reached skill level 6 in Axes
  5935 | D:6      | Noticed Edmund
  5948 | D:6      | Killed Edmund
  6027 | D:6      | Found a glowing silver altar of Zin.
  6091 | D:6      | Found a burning altar of Makhleb.
  6132 | D:6      | Noticed Blork the orc
  6145 | D:6      | Killed Blork the orc
  6145 | D:6      | Reached skill level 7 in Axes
  6649 | D:7      | Reached skill level 8 in Axes
  6681 | D:7      | Reached XP level 9. HP: 52/56 MP: 9/9
  6722 | D:7      | Reached skill level 9 in Axes
  6999 | D:7      | Found a snail-covered altar of Cheibriados.
  7002 | D:7      | Found a shadowy altar of Dithmenos.
  7702 | D:8      | Reached skill level 10 in Axes
  7918 | D:8      | Found a basalt altar of Yredelemnul.
  7978 | D:8      | Noticed a two-headed ogre
  7994 | D:8      | HP: 1/57 [two-headed ogre/giant spiked club (11)]
  8072 | D:8      | Mangled by an ogre

Vault maps used:
D:1:      shiori_arrival_whats_in_store_for_you
D:2:      evilmike_ruin_ashenzari, first_bread
D:3:      lightli_temple_of_fire, grunt_temple_overflow_open,
          minmay_divided_ellipse
D:4:      minmay_temple_entry_purple_smoke, uniq_crazy_yiuf_cottage
D:5:      old_standard_altar, basic_altar, okawaru_ov_weapons_minmay,
          uniq_menkaure
D:6:      old_standard_altar, lemuel_tele_altar, uniq_edmund, uniq_blork_the_orc
D:7:      lemuel_crystal_altar, grunt_dithmenos_smoke
D:8:      kennysheep_mini, hangedman_ranch, hangedman_abyss_or_decor_stagger

Skill      XL: |  1  2  3  4  5  6  7  8  9 |
---------------+----------------------------+-----
Fighting       | 5 6 7 |  7.3
Armour         | 1 2 3 4 |  4.9
Axes           | 1 2 4 5 8 10 | 10.2
Dodging        | |  3.2
Stealth        | |  4.3
Invocations    | |  0.2

Action                   |  1- 3 |  4- 6 |  7- 9 || total
-------------------------+-------+-------+-------++-------
Melee: Unarmed           |    19 |       |       ||    19
       Club              |   197 |    27 |       ||   224
       Hand axe          |       |   268 |   170 ||   438
       War axe           |       |       |   234 ||   234
Invok: Upheaval          |       |     2 |       ||     2
Evoke: Wand              |       |       |     6 ||     6
  Use: Scroll            |     3 |     4 |     4 ||    11
       Potion            |       |     5 |     1 ||     6
 Stab: Sleeping          |     3 |     3 |       ||     6
  Eat: Chunk             |     3 |     8 |     9 ||    20
       Bread ration      |       |     1 |       ||     1
       Fruit             |       |       |     2 ||     2
Armor: Robe              |     5 |       |       ||     5
       Ring mail         |   102 |    84 |       ||   186
       Plate armour      |       |   138 |   314 ||   452
Dodge: Dodged            |   187 |   191 |    97 ||   475
Block: Other             |       |    25 |    53 ||    78
